 Dungeon Crawl Stone Soup version 0.25-a0-663-gace7076f2c (webtiles) character file.

Game seed: 3706533267277198023, levelgen mode: deterministic

211 kae the Insei (level 5, -2/40 HPs)
             Began as a Draconian Transmuter on Mar 25, 2020.
             Slain by a black bear (4 damage)
             ... on level 3 of the Dungeon.
             The game lasted 00:02:04 (2265 turns).

kae the Insei (Draconian Transmuter)                Turns: 2265, Time: 00:02:04

Health: -2/40      AC:  2    Str: 12    XL:     5   Next: 57%
Magic:  6/9        EV: 19    Int: 18    God:
Gold:   115        SH:  0    Dex: 17    Spells: 4/10 levels left

rFire    . . .     SeeInvis .     - Unarmed
rCold    . . .     Gourm    .   (shield currently unavailable)
rNeg     . . .     Faith    .   (armour unavailable)
rPois    x         Spirit   .   (helmet currently unavailable)
rElec    .         Reflect  .   (cloak currently unavailable)
rCorr    .         Harm     .   (gloves currently unavailable)
MR       .....                  (boots currently unavailable)
Stlth    ++........             k - amulet of the acrobat
HPRegen  0.13/turn              j - +4 ring of intelligence
MPRegen  0.11/turn              (no ring)

@: spider-form (expiring)
A: tiny, unfitting armour, AC +5
a: End Transformation


You were on level 3 of the Dungeon.
You were not hungry.
You were a venomous arachnid creature.
You visited 1 branch of the dungeon, and saw 3 of its levels.

You collected 115 gold pieces.

Inventory:

Missiles
 a - 73 arrows
Jewellery
 j - a +4 ring of intelligence (left front leg)
 k - an amulet of the acrobat (around neck)
Wands
 b - a wand of flame (15)
Scrolls
 d - a scroll of fog
Potions
 e - a potion of stabbing
 f - 3 potions of brilliance
 g - 2 potions of haste
 h - a potion of cancellation {unknown}
 i - a potion of mutation {unknown}
Comestibles
 c - 2 rations
 l - 2 chunks of flesh


   Skills:
 - Level 1.1 Fighting
 - Level 1.7 Dodging
 * Level 4.9 Unarmed Combat
 + Level 3.1 Spellcasting
 + Level 3.3 Transmutations


You had 4 spell levels left.
You knew the following spells:

 Your Spells              Type           Power        Failure   Level  Hunger
a - Beastly Appendage     Tmut           ##....       13%         1    None
b - Sticks to Snakes      Tmut           ##......     17%         2    ##.....
c - Spider Form           Tmut/Pois      #.........   45%         3    ###....

Your spell library contained the following spells:

 Spells                   Type           Power        Failure   Level  Hunger
 Ice Form                 Ice/Tmut       #.......     82%         4    ####...
 Blade Hands              Tmut           ##........   89%         5    ######.


Dungeon Overview and Level Annotations

Branches:
Dungeon (3/15)

Altars:

Annotations:
D:3 1 runed translucent door, Crazy Yiuf


Innate Abilities, Weirdness & Mutations

((Your plain brown scales are hard. (AC +5)))
You cannot fit into any form of body armour.
((You are cold-blooded and may be slowed by cold attacks.))


Message History

The black bear closely misses you.
You bite the black bear!
The black bear looks as sick as possible!
The black bear is heavily wounded.
The black bear bites you.
* * * LOW HITPOINT WARNING * * *
The black bear misses you. The black bear closely misses you.
You bite the black bear!
The black bear is severely wounded.
You hit the black bear.
The black bear looks as sick as possible!
The black bear is severely wounded.
The black bear goes berserk!
You hit the black bear.
The black bear is almost dead.
The black bear barely misses you. The black bear claws you.
* * * LOW HITPOINT WARNING * * *
The black bear claws you but does no damage.
The black bear bites you.
You die...

#.# #.# #.#
#.########.#
#...........
##.########..
## #...# #.#
.# #...# #.#
.# #..[# #h#
.# ###.#
#s#### .# #.#
#....# .# #.#
####.# .# #.#
#.# .# #.#
#.# .# #.#
#.# .# #.#
#.# ## #.#
#)# #.# #.#
#####


You could see a black bear (berserk).

Vanquished Creatures
  A centaur (D:3)
  Ijyb (D:3)
  3 adders
  2 oozes (D:1)
  2 dart slugs
  2 leopard geckos
  5 orcs (D:3)
  2 giant cockroaches
  5 goblins
  11 hobgoblins
  4 jackals (D:3)
  3 quokkas
  8 bats
  3 frilled lizards
  2 kobolds (D:1)
  3 rats
57 creatures vanquished.

Notes
Turn   | Place    | Note
-------+----------+-------------------------------------------
     0 | D:1      | kae the Draconian Transmuter began the quest for the Orb.
     0 | D:1      | Reached XP level 1. HP: 16/16 MP: 3/3
    85 | D:1      | Reached XP level 2. HP: 16/23 MP: 3/5
   457 | D:1      | Reached XP level 3. HP: 28/28 MP: 6/6
   461 | D:1      | Learned a level 2 spell: Sticks to Snakes
   465 | D:1      | Learned a level 3 spell: Spider Form
  1406 | D:2      | Reached skill level 4 in Unarmed Combat
  1764 | D:3      | Reached XP level 4. HP: 29/35 MP: 5/7
  1995 | D:3      | Noticed a centaur
  2005 | D:3      | Killed a centaur
  2005 | D:3      | Reached XP level 5. HP: 17/40 MP: 1/9
  2054 | D:3      | Found a runed translucent door.
  2055 | D:3      | Noticed Crazy Yiuf
  2133 | D:3      | Noticed Ijyb
  2149 | D:3      | Killed Ijyb
  2252 | D:3      | Noticed a black bear
  2265 | D:3      | HP: 2/40 [black bear (3)]
  2265 | D:3      | Slain by a black bear

Levels and vault maps discovered:
D:1:      scummos_arrival_simple_crosswalls, layout_basic
D:2:      layout_loops_cross, serial_glass, glass_columns_a, glass_columns_a
D:3:      minmay_evil_eye, layout_loops_ring, cheibrodos_sewer_entry_bend,
          uniq_crazy_yiuf_cottage, uniq_ijyb

Skill      XL: |  1  2  3  4 |
---------------+-------------+-----
Unarmed Combat | 4 |  4.9
Spellcasting   | 3 |  3.1
Transmutations | 3 |  3.3
Fighting       | |  1.1
Dodging        | |  1.7

Action                   |  1- 3 |  4- 6 || total
-------------------------+-------+-------++-------
Melee: Unarmed           |   121 |    81 ||   202
       Tailslap          |    13 |     5 ||    18
       Kick              |     8 |     2 ||    10
       Punch             |     2 |       ||     2
       Headbutt          |     2 |     2 ||     4
 Cast: Beastly Appendage |    18 |     5 ||    23
       Spider Form       |       |     4 ||     4
  Use: Scroll            |     6 |     2 ||     8
  Eat: Chunk             |     2 |     3 ||     5
Armor: Skin              |    56 |    12 ||    68
Dodge: Dodged            |   118 |    67 ||   185

Table legend:
 A = Non-vault XP
 B = Vault XP
 C = Vault XP percentage of total XP
 D = Non-vault monster count
 E = Vault monster count
 F = Vault count percentage of total count
                 A         B        C        D         E       F
            +---------+---------+-------+---------+---------+-------
      Total |     252 |      50 |  16.6 |      54 |       3 |   5.3
            +---------+---------+-------+---------+---------+-------
        D:1 |      45 |       0 |   0.0 |      19 |       0 |   0.0
        D:2 |      40 |       0 |   0.0 |      16 |       0 |   0.0
        D:3 |     167 |      50 |  23.0 |      19 |       3 |  13.6
            +---------+---------+-------+---------+---------+-------
